 Dungeon Crawl Stone Soup version 0.31.0-11-ge490571c62 (webtiles) character file.

Game seed: 6307998179831198840

529 qw the Ducker (level 7, 0/35 HPs)
             Began as a Spriggan Hunter on Feb 5, 2024.
             Slain by a killer bee (8 damage)
             ... on level 5 of the Dungeon.
             The game lasted 00:01:58 (2739 turns).

qw the Ducker (Spriggan Hunter)                     Turns: 2739, Time: 00:01:59

Health: 0/35       AC:  8    Str:  7    XL:     7   Next: 3%
Magic:  8/8        EV: 25    Int: 10    God:
Gold:   294        SH:  0    Dex: 27    Spells: 6/6 levels left

rFire   . . .        a - +0 shortbow (flame)
rCold   . . .        (shield currently unavailable)
rNeg    . . .        c - +0 robe
rPois   .            (helmet restricted)
rElec   .            o - +1 cloak
rCorr   .            (gloves unavailable)
SInv    +            (boots unavailable)
Will    +....        (no amulet)
Stlth   +++          e - +6 ring of dexterity
HPRegen 0.25/turn    d - +4 ring of protection
MPRegen 0.11/turn

%: no passive effects
@: lethally poisoned (0 -> -5), very quick
A: very small, no large weapons, unfitting armour, see invisible, speed 3
a: no special abilities


You were on level 5 of the Dungeon.
You visited 1 branch of the dungeon, and saw 5 of its levels.

You collected 294 gold pieces.


Innate Abilities, Weirdness & Mutations

You are very small and have problems with some larger weapons.
You are too small for most types of armour.
You have supernaturally acute eyesight. (SInv)
You cover ground extremely quickly. (Speed+++)


   Skills:
 - Level 2.0 Fighting
 - Level 6.2 Ranged Weapons
 + Level 7.7 Dodging
 - Level 1.5 Stealth


You had 6 spell levels left.
You didn't know any spells.
Your spell library was empty.

Inventory:

Hand Weapons
 a - a +0 shortbow of flaming (weapon)
Armour
 c - a +0 robe (worn)
 o - a +1 cloak (worn)
Jewellery
 b - a ring of fire
 d - a +4 ring of protection (right hand)
 e - a +6 ring of dexterity (left hand)
Potions
 f - a potion of cancellation
 h - 4 potions of curing
 k - a potion of haste {unknown}
 l - a potion of heal wounds
 n - a potion of attraction {unknown}

Dungeon Overview and Level Annotations

Branches:
Dungeon (5/15)
 Temple: D:4-7

Altars:
Makhleb
Wu Jian
Yredelemnul

Annotations:
D:4 1 runed translucent door, Crazy Yiuf


Message History

You shoot an arrow. The arrow misses the killer bee.
You feel sick. The killer bee closely misses you. x2
You shoot an arrow. The arrow hits the killer bee!
The arrow burns the killer bee.
You kill the killer bee!
You feel sick.
You start resting.
You feel sick. x4
A killer bee comes into view.
You shoot an arrow. The killer bee buzzes angrily.
The arrow hits the killer bee!
The arrow burns the killer bee.
The killer bee is severely wounded.
You feel sick.
You are no longer poisoned.
You shoot an arrow.
The arrow closely misses the killer bee.
The killer bee completely misses you.
You shoot an arrow. The arrow hits the killer bee!
The arrow burns the killer bee.
You kill the killer bee!
You have reached level 7!
A killer bee is nearby!
A killer bee comes into view.
The killer bee stings you!
You are poisoned.
The killer bee poisons you!
The killer bee moves out of view.
You shoot an arrow. The arrow hits the killer bee!
The arrow burns the killer bee.
The killer bee is heavily wounded.
You feel very sick. The killer bee barely misses you.
The killer bee completely misses you.
You shoot an arrow.
The arrow completely misses the killer bee.
You feel sick.
You hear an angry buzzing noise.
The killer bee completely misses you. x2
You shoot an arrow. The arrow misses the killer bee.
You feel sick. The killer bee misses you. The killer bee stings you!
You die...

.......>.....
#####.......... ...
##########.....### .....
.........#.....+.###....y
...............#.#.......
.........................
........#.#.#.#.#.#.....
.................y...?..
.........#.#.#.#@#.#
.................y.#
.........##.######.......
............# ##....#
.........#### ##.#
########## .


You could see 2 killer bees.

Vanquished Creatures
  An ogre (D:4)
  A scorpion (D:4)
  3 killer bees (D:5)
  A jelly (D:3)
  2 iguanas (D:4)
  3 gnolls (D:4)
  8 adders
  A ribbon worm (D:2)
  5 orcs
  8 ball pythons
  7 bats
  3 endoplasms
  2 giant cockroaches
  9 goblins
  6 hobgoblins
  4 jackals (D:1)
  2 quokkas
  3 frilled lizards
  3 kobolds
  3 rats
75 creatures vanquished.

Notes
Turn   | Place    | Note
-------+----------+-------------------------------------------
     0 | D:1      | qw the Spriggan Hunter began the quest for the Orb.
     0 | D:1      | Reached XP level 1. HP: 10/10 MP: 2/2
     0 | D:1      | 0 ||| qw: Version: 0.3-a-160-g6735b56
     0 | D:1      | 0 ||| qw: Game counter: 6534
     0 | D:1      | 0 ||| qw: Melee chars always use a shield: true
     0 | D:1      | 0 ||| qw: God list: Okawaru
     0 | D:1      | 0 ||| qw: Allow faded altars: false
     0 | D:1      | 0 ||| qw: Do Orc after clearing Dungeon:15 true
     0 | D:1      | 0 ||| qw: Do second Lair branch before Depths: true
     0 | D:1      | 0 ||| qw: Lair rune preference: random
     0 | D:1      | 0 ||| qw: Goals: Normal
     0 | D:1      | 0 ||| PLANNING D:1-11
    35 | D:1      | Reached skill level 3 in Dodging
    67 | D:1      | Reached XP level 2. HP: 14/14 MP: 3/3
   110 | D:1      | Reached skill level 4 in Dodging
   214 | D:1      | Found a faded altar of an unknown god.
   514 | D:1      | 514 ||| UPGRADING to +6 ring of dexterity.
   515 | D:1      | 515 ||| UPGRADING to ring of resist corrosion.
   516 | D:1      | 516 ||| READING scroll labelled GEFAM NITUSH.
   617 | D:1      | 617 ||| READING 2 scrolls labelled BANORI KEIFY.
   617 | D:1      | 617 ||| IDENTIFYING fizzy sapphire potion
   618 | D:1      | 618 ||| READING scroll of identify.
   618 | D:1      | 618 ||| IDENTIFYING green potion
   619 | D:1      | 619 ||| READING scroll labelled BIOXUB JIGYOFF.
   620 | D:1      | 620 ||| READING scroll labelled PIAGU BORID.
   621 | D:1      | 621 ||| DRINKING 2 emerald potions.
   622 | D:1      | 622 ||| DROPPING scroll of butterflies.
   623 | D:1      | 623 ||| DROPPING potion of degeneration.
   625 | D:1      | 625 ||| Stepping ~*~*~tactically~*~*~ (cloud).
   632 | D:1      | HP: 3/14 [poisoned by you (poison gas)]
   700 | D:2      | Reached XP level 3. HP: 11/18 MP: 4/4
   701 | D:2      | 701 ||| STAIRDANCE
   972 | D:2      | Reached skill level 5 in Dodging
  1040 | D:2      | Reached XP level 4. HP: 22/22 MP: 5/5
  1327 | D:2      | 1327 ||| UPGRADING to +0 cloak.
  1332 | D:2      | 1332 ||| UPGRADING to +4 ring of protection.
  1334 | D:2      | 1334 ||| DROPPING ring of magical power.
  1335 | D:2      | 1335 ||| DROPPING ring of resist corrosion.
  1336 | D:2      | 1336 ||| READING scroll labelled WET GARHEHEDEWK.
  1631 | D:3      | Found a burning altar of Makhleb.
  1632 | D:3      | Noticed a cacodemon
  1636 | D:3      | Noticed an orange demon
  1636 | D:3      | Noticed a smoke demon
  1781 | D:3      | Reached XP level 5. HP: 25/25 MP: 6/6
  1843 | D:3      | 1843 ||| READING scroll of identify.
  1843 | D:3      | 1843 ||| IDENTIFYING fizzy silvery potion
  1844 | D:3      | 1844 ||| READING scroll labelled CUTEUT GOIPH.
  1844 | D:3      | 1844 ||| BRANDING +0 shortbow.
  1884 | D:4      | Noticed an ogre
  1892 | D:4      | Killed an ogre
  1893 | D:4      | Reached skill level 7 in Dodging
  1991 | D:4      | Reached XP level 6. HP: 30/30 MP: 7/7
  2142 | D:4      | Found a basalt altar of Yredelemnul.
  2142 | D:4      | Found an ornate altar of the Wu Jian Council.
  2272 | D:4      | Found a runed translucent door.
  2273 | D:4      | Noticed Crazy Yiuf
  2624 | D:4      | 2624 ||| UPGRADING to +1 cloak.
  2634 | D:4      | 2634 ||| DROPPING +0 cloak.
  2635 | D:4      | 2635 ||| READING 2 scrolls of identify.
  2635 | D:4      | 2635 ||| IDENTIFYING purple potion
  2636 | D:4      | 2636 ||| READING scroll of identify.
  2636 | D:4      | 2636 ||| IDENTIFYING fuming yellow potion
  2637 | D:4      | 2637 ||| READING scroll labelled DULIAT EJEDERU.
  2638 | D:4      | 2638 ||| DROPPING potion of invisibility.
  2639 | D:4      | 2639 ||| DROPPING potion of brilliance.
  2679 | D:5      | Entered Level 5 of the Dungeon
  2723 | D:5      | 2723 ||| RETREEEEATING.
  2726 | D:5      | Reached skill level 6 in Ranged Weapons
  2736 | D:5      | Reached XP level 7. HP: 21/35 MP: 8/8
  2739 | D:5      | HP: 8/35 [poisoned by a killer bee]
  2739 | D:5      | Slain by a killer bee

Levels and vault maps discovered:
D:1:      spicycebolla_green_bress_n_ham, layout_basic,
          hellmonk_ecumenical_altar_dog_temple
D:2:      layout_loops_ring
D:3:      layout_rooms, makhleb_altar_promises_db, minmay_quadrilaterals
D:4:      layout_basic, gammafunk_temple_overflow_pools, uniq_crazy_yiuf_cottage
D:5:      layout_basic, minmay_temple_entry_grid, serial_shops, shop, shop,
          shop, corexii_leaking_fountain, minmay_misc_feat_pillars,
          nicolae_shop_distant_corner_stores, chequers_serial_rivers_small_a,
          grunt_decor_one_mirror

Skill      XL: |  1  2  3  4  5  6 |
---------------+-------------------+-----
Dodging        | 3 4 5 7 |  7.7
Ranged Weapons | 5 6 |  6.2
Fighting       | 2 |  2.0
Stealth        | |  1.5

Action                     |  1- 3 |  4- 6 |  7- 9 || total
---------------------------+-------+-------+-------++-------
   Fire: Shortbow          |    98 |   114 |     3 ||   215
    Use: Scroll            |     5 |     6 |       ||    11
         Potion            |     1 |       |       ||     1
 Armour: Robe              |     8 |     8 |     2 ||    18
  Dodge: Dodged            |    31 |    40 |     5 ||    76

Table legend:
 A = Non-vault XP
 B = Vault XP
 C = Vault XP percentage of total XP
 D = Non-vault monster count
 E = Vault monster count
 F = Vault count percentage of total count
                 A         B        C        D         E       F
            +---------+---------+-------+---------+---------+-------
      Total |     726 |      30 |   4.0 |      66 |       9 |  12.0
            +---------+---------+-------+---------+---------+-------
        D:1 |      35 |       4 |  10.3 |      21 |       2 |   8.7
        D:2 |      62 |       0 |   0.0 |      14 |       0 |   0.0
        D:3 |      84 |      26 |  23.6 |      12 |       7 |  36.8
        D:4 |     358 |       0 |   0.0 |      16 |       0 |   0.0
        D:5 |     187 |       0 |   0.0 |       3 |       0 |   0.0
            +---------+---------+-------+---------+---------+-------
